[Event "Titled Tuesday Blitz July 25 Late 2023"]
[White "Zhou, Qiyu"]
[Black "Tarnowska, Aleksandra"]
[WhiteFideId "505161"]
[BlackFideId "1180967"]
[WhiteElo "2335"]
[BlackElo "2134"]
[Result "1-0"]
[Round "11"]
[TimeControl "180+2"]
[Date "2023.07.25"]
[WhiteClock "0:00:47"]
[BlackClock "0:00:15"]
[Board "91"]

1. e4 c5 2. Nf3 e6 3. d4 cxd4 4. Nxd4 a6 5. c4 Nf6 6. Nc3 Bb4 7. Bd3 Qc7 8. O-O Nc6 9. Be3 Ne5 10. Rc1 Nfg4 11. Bf4 Bd6 12. Bg3 h5 13. Nf3 Nxf3+ 14. Qxf3 Nxh2 15. Bxh2 Bxh2+ 16. Kh1 Be5 17. c5 g5 18. Na4 g4 19. Qe3 Bf4 20. Qd4 e5 21. Qd5 Bxc1 22. Rxc1 Qc6 23. Qxe5+ Kd8 24. Qxh8+ Kc7 25. Nb6 Rb8 26. Nd5+ 1-0


[Site "https://www.chess.com"]

[Event "Titled Tuesday Blitz July 25 Late 2023"]
[White "Quirke, Jeffrey"]
[Black "Petesch, Gabriel"]
[WhiteFideId "2013029"]
[BlackFideId "2032465"]
[WhiteElo "2210"]
[BlackElo "2539"]
[Result "1-0"]
[Round "11"]
[TimeControl "180+2"]
[Date "2023.07.25"]
[WhiteClock "0:00:09"]
[BlackClock "0:00:06"]
[Board "92"]

1. c4 Nf6 2. Nc3 b6 3. e4 Bb7 4. Bd3 d6 5. Nf3 g6 6. O-O Bg7 7. Bc2 O-O 8. d4 Nc6 9. Re1 e5 10. d5 Nd4 11. Nxd4 exd4 12. Nb5 Re8 13. Nxd4 Re5 14. f3 Qd7 15. Be3 h5 16. Bf2 a6 17. Ba4 Qd8 18. Rc1 Nh7 19. b4 Qg5 20. Rc2 h4 21. Qd2 Qh5 22. Bd7 Bc8 23. Bxc8 Rxc8 24. Nc6 Ng5 25. Nxe5 Bxe5 26. Be3 f6 27. f4 h3 28. fxg5 hxg2 29. Qxg2 Rf8 30. Rf1 Rf7 31. Rcf2 Rh7 32. gxf6 Kf7 33. Bf4 Bd4 34. Bg3 Qe2 35. Kh1 Bxf2 36. Qxf2 Qxe4+ 37. Qf3 Qxf3+ 38. Rxf3 Rh8 39. Re3 Kxf6 40. Re6+ Kf7 41. Kg2 b5 42. Re4 Rh5 43. cxb5 axb5 44. Rd4 Ke7 45. a3 Kd7 46. Rd3 Rf5 47. h4 Kc8 48. Kh3 Kd7 49. Kg4 Kc8 50. Bf4 Kd7 51. Bg5 c5 52. dxc6+ Kxc6 53. Bf4 d5 54. Re3 Kd7 55. Re5 Rf8 56. Rxd5+ Ke6 57. Rxb5 Ra8 58. Rb6+ Kf7 59. Rb5 Rxa3 60. Rb7+ Ke6 61. b5 Rb3 62. b6 Rb1 63. Rb8 Rg1+ 64. Bg3 Kf7 65. b7 Rb1 66. Kf3 Kg7 67. Bf4 g5 68. hxg5 Rb3+ 69. Ke4 Rb5 70. Be5+ Kf7 71. Bf6 Kg6 72. Kd4 Rb4+ 73. Kc5 Rb1 74. Kc6 Kf5 75. Rc8 Rc1+ 76. Kd7 Rd1+ 77. Kc7 Re1 78. b8=Q Rc1+ 79. Kd8 Rd1+ 80. Ke8 Re1+ 81. Kf7 Kg4 82. Qb4+ Kf5 83. Qxe1 Kg4 84. Rc4+ Kf5 85. Qf2# 1-0


[Site "https://www.chess.com"]

[Event "Titled Tuesday Blitz July 25 Late 2023"]
[White "Yolosz"]
[Black "KSho99"]
[WhiteElo "2319"]
[BlackElo "2222"]
[Result "1-0"]
[Round "11"]
[TimeControl "180+2"]
[Date "2023.07.25"]
[WhiteClock "0:01:36"]
[BlackClock "0:00:29"]
[Board "93"]

1. d4 d5 2. Bf4 Nf6 3. e3 c5 4. c3 Nc6 5. Nd2 Qb6 6. Qb3 c4 7. Qxb6 axb6 8. e4 Nxe4 9. Nxe4 dxe4 10. Bxc4 Bf5 11. f3 e6 12. fxe4 Bxe4 13. Nf3 Be7 14. O-O O-O 15. Rae1 Bd5 16. Bxd5 exd5 17. a3 Rfe8 18. Bc7 b5 19. Ne5 Bf6 20. Nd3 Rac8 21. Bb6 Re6 22. Nf4 Rxe1 23. Rxe1 Ne7 24. Bc5 Ng6 25. Nxd5 Bd8 26. Re8+ 1-0


[Site "https://www.chess.com"]

[Event "Titled Tuesday Blitz July 25 Late 2023"]
[White "Jahnz, Fabian"]
[Black "Kujawski, Adam"]
[WhiteFideId "4653300"]
[BlackFideId "1100920"]
[WhiteElo "2199"]
[BlackElo "2316"]
[Result "1/2-1/2"]
[Round "11"]
[TimeControl "180+2"]
[Date "2023.07.25"]
[WhiteClock "0:00:16"]
[BlackClock "0:00:16"]
[Board "94"]

1. e4 e5 2. d4 exd4 3. Qxd4 Nc6 4. Qe3 Nf6 5. Nc3 Bb4 6. Bd2 O-O 7. O-O-O Re8 8. Qf4 Bxc3 9. Bxc3 Nxe4 10. Bc4 Re7 11. Bxf7+ Rxf7 12. Qxe4 Qg5+ 13. Kb1 Qf5 14. Qc4 b5 15. Qd3 Qxd3 16. Rxd3 Rxf2 17. Nf3 Rxg2 18. Rdd1 d6 19. Rhg1 Rxg1 20. Rxg1 g6 21. h4 Bf5 22. h5 b4 23. Bd2 Re8 24. Nh4 Nd4 25. Nxf5 Nxf5 26. hxg6 hxg6 27. Rxg6+ Kf7 28. Rg2 Re4 29. Rf2 Ke6 30. b3 c5 31. Kb2 a6 32. Rh2 d5 33. a3 a5 34. axb4 axb4 35. Rh8 Nd4 36. Re8+ Kf5 37. Rxe4 Kxe4 38. Bh6 Nb5 39. Bf8 Kd4 40. Bg7+ Ke3 41. Bf8 c4 42. bxc4 dxc4 43. Bxb4 Kd4 44. Be1 Kd5 45. Bf2 Kc6 46. Be3 Kd5 47. Bf2 Kc6 48. Kc1 Kd5 49. Kd2 Ke4 50. Bb6 Kd5 51. Ke3 Na3 52. c3 Nb5 53. Ba5 Nd6 54. Bb4 Nf5+ 55. Kf4 Ng7 56. Ba5 Ne6+ 57. Ke3 Nc5 58. Bb4 Ne4 59. Ba5 Nf6 60. Kf4 Nd7 61. Bb4 Nb8 62. Kf5 Nc6 63. Ba3 Na7 64. Bb4 Nb5 65. Ba5 Nd6+ 66. Kf4 Nb5 67. Bb4 Nc7 68. Kf5 Ne6 69. Kf6 Nf4 70. Kf5 Ne2 71. Ba5 Kc5 72. Bb4+ Kb5 73. Ke4 Ka4 74. Ke3 Nc1 75. Kd4 Kb3 76. Ba5 Ne2+ 77. Ke3 Nxc3 78. Bd8 Na2 79. Bf6 Nb4 80. Ke2 Nd5 81. Bh8 Nc3+ 82. Kd2 Ne4+ 83. Kc1 Kb4 84. Kc2 Kc5 85. Ba1 Kd5 86. Bb2 Nc5 87. Bh8 Na6 88. Bg7 Nb4+ 89. Kc3 Nc6 90. Kc2 Nb4+ 91. Kc3 Nd3 92. Bh8 Nc5 93. Bg7 Ne4+ 94. Kc2 Ke6 95. Bh8 Kf5 96. Ba1 Kf4 97. Bh8 Ke3 98. Bg7 Ke2 99. Bh8 Kf3 100. Bg7 Kf4 101. Bh8 Kf5 102. Bg7 Ke6 103. Bh8 Kd5 104. Bg7 Ke6 1/2-1/2


[Site "https://www.chess.com"]

[Event "Titled Tuesday Blitz July 25 Late 2023"]
[White "Akhayan, Ruben"]
[Black "Oliveira, Tiago Batista"]
[WhiteFideId "204439"]
[BlackFideId "2108291"]
[WhiteElo "2260"]
[BlackElo "2177"]
[Result "1/2-1/2"]
[Round "11"]
[TimeControl "180+2"]
[Date "2023.07.25"]
[WhiteClock "0:02:14"]
[BlackClock "0:01:30"]
[Board "95"]

1. d4 Nf6 2. Nf3 g6 3. Bf4 Bg7 4. e3 d6 5. Be2 O-O 6. h3 Re8 7. Bh2 Nbd7 8. Kf1 c6 9. g3 Qc7 10. Kg2 e5 11. dxe5 dxe5 12. g4 Qb6 13. b3 h5 14. g5 Nd5 15. c4 Nxe3+ 16. fxe3 Qxe3 17. Bg1 Qf4 18. Bh2 Qe3 19. Bg1 Qf4 20. Bh2 Qe3 1/2-1/2


[Site "https://www.chess.com"]

[Event "Titled Tuesday Blitz July 25 Late 2023"]
[White "Thiel, Thomas"]
[Black "BeautiFullMindChess"]
[WhiteFideId "4615964"]
[WhiteElo "2257"]
[BlackElo "2159"]
[Result "1-0"]
[Round "11"]
[TimeControl "180+2"]
[Date "2023.07.25"]
[WhiteClock "0:01:10"]
[BlackClock "0:00:00"]
[Board "96"]

1. e4 e6 2. d4 d5 3. Nc3 Bb4 4. e5 c5 5. a3 Bxc3+ 6. bxc3 Ne7 7. Qg4 O-O 8. Bd3 Nbc6 9. Nf3 f5 10. exf6 Rxf6 11. Qh5 g6 12. Qh4 Rxf3 13. gxf3 c4 14. Be2 Qa5 15. Bd2 Bd7 16. Qg3 Nf5 17. Qg2 e5 18. dxe5 Nxe5 19. f4 Nf7 20. h4 d4 21. h5 dxc3 22. Bc1 Bc6 23. f3 Kg7 24. hxg6 hxg6 25. Rg1 Nh8 26. Qh3 Re8 27. Rh1 Nf7 28. Qh7+ Kf6 29. Rg1 Bxf3 30. Rxg6+ Ke7 31. Rg5 Bxe2 32. Rxf5 1-0


[Site "https://www.chess.com"]

[Event "Titled Tuesday Blitz July 25 Late 2023"]
[White "Osiecki, Stanislaw"]
[Black "Vaglio Munoz, Jaime"]
[WhiteFideId "1102990"]
[BlackFideId "6500145"]
[WhiteElo "2066"]
[BlackElo "2253"]
[Result "0-1"]
[Round "11"]
[TimeControl "180+2"]
[Date "2023.07.25"]
[WhiteClock "0:00:19"]
[BlackClock "0:02:02"]
[Board "97"]

1. e4 e6 2. d4 d5 3. e5 c5 4. c3 Bd7 5. Nf3 Qb6 6. Be2 cxd4 7. cxd4 Bb5 8. O-O Bxe2 9. Qxe2 Qa6 10. Qe3 Nc6 11. Nc3 Nge7 12. g4 h5 13. gxh5 Nf5 14. Qf4 Rxh5 15. Be3 b5 16. Ne2 b4 17. Ng3 Nxg3 18. fxg3 Rf5 19. Qh4 Qd3 20. Rae1 g6 21. Rf2 Rc8 22. Rd2 Qe4 23. Qxe4 dxe4 24. Ng5 b3 25. axb3 Bb4 26. Nxe4 Bxd2 27. Nxd2 Nb4 28. Nc4 Kd7 29. Nd6 Rc2 30. Nxf5 gxf5 31. Ra1 Rxb2 32. Rxa7+ Kc6 33. Rxf7 Kd5 34. h4 Ke4 35. Bf4 Nd5 36. h5 Kf3 37. h6 Nc3 38. h7 Ne2+ 39. Kh2 Nxf4+ 40. Kh1 Rb1+ 41. Kh2 Rb2+ 42. Kh1 Nh3 43. h8=Q Nf2+ 44. Kh2 Ng4+ 45. Kg1 Rb1# 0-1


[Site "https://www.chess.com"]

[Event "Titled Tuesday Blitz July 25 Late 2023"]
[White "Sarkar, Justin"]
[Black "Awoki, Daniel Teidi"]
[WhiteFideId "2010011"]
[BlackFideId "2100827"]
[WhiteElo "2229"]
[BlackElo "2303"]
[Result "1-0"]
[Round "11"]
[TimeControl "180+2"]
[Date "2023.07.25"]
[WhiteClock "0:00:06"]
[BlackClock "0:00:21"]
[Board "98"]

1. d4 Nf6 2. c4 e6 3. Nf3 d5 4. Nc3 Be7 5. Bg5 O-O 6. e3 c6 7. Rc1 Nbd7 8. Qc2 Re8 9. cxd5 exd5 10. Bd3 Nf8 11. O-O a5 12. h3 h6 13. Bf4 Bd6 14. Bxd6 Qxd6 15. Na4 Ne4 16. Ne5 f6 17. Nc4 Qe7 18. Ncb6 Rb8 19. Nc5 Nxc5 20. Qxc5 Nd7 21. Nxd7 Bxd7 22. Qxa5 Ra8 23. Qb6 Rxa2 24. Qxb7 Qd6 25. Ra1 Rb8 26. Qxb8+ Qxb8 27. Rxa2 Qb3 28. Ra7 Bxh3 29. Bg6 Bc8 30. Ra8 Qb7 31. Rfa1 Kf8 32. R1a7 Qxa8 33. Rxa8 Ke7 34. Rxc8 Kd7 35. Rxc6 Kxc6 36. Bf7 Kd6 37. b4 f5 38. b5 g5 39. b6 Kc6 40. Bxd5+ Kxb6 41. f3 Kc7 42. e4 Kd6 43. Bf7 Ke7 44. Bg6 f4 45. Bf5 Kf6 46. Kf2 h5 47. Ke2 Ke7 48. Kd3 Kf6 49. Kc4 g4 50. fxg4 h4 51. g5+ Kxg5 52. Bh3 f3 53. gxf3 Kf4 54. Bg4 Kg3 55. e5 h3 56. Bxh3 Kxh3 57. e6 Kg3 58. e7 Kxf3 1-0


[Site "https://www.chess.com"]

[Event "Titled Tuesday Blitz July 25 Late 2023"]
[White "Lopez Perdomo, Juan David"]
[Black "Barwinska, Ewa"]
[WhiteFideId "4405137"]
[BlackFideId "21833761"]
[WhiteElo "2212"]
[BlackElo "2287"]
[Result "0-1"]
[Round "11"]
[TimeControl "180+2"]
[Date "2023.07.25"]
[WhiteClock "0:00:07"]
[BlackClock "0:00:12"]
[Board "99"]

1. e4 c5 2. d4 cxd4 3. c3 dxc3 4. Nxc3 Nc6 5. Nf3 e6 6. Bc4 a6 7. O-O Nge7 8. Bg5 f6 9. Bh4 Ng6 10. Bg3 b5 11. Bb3 Be7 12. Qe2 O-O 13. Rfd1 Qb6 14. Nd5 Qb7 15. Rac1 Kh8 16. Nxe7 Ngxe7 17. Bd6 Re8 18. e5 Nxe5 19. Bxe5 fxe5 20. Ng5 Rf8 21. Qd3 Ng6 22. Qh3 h6 23. Bc2 Nf4 24. Be4 Nxh3+ 25. gxh3 Qa7 26. Nf3 Rb8 27. Nxe5 Qxf2+ 28. Kh1 Bb7 29. Bxb7 Rxb7 30. Rf1 Qxf1+ 31. Rxf1 Rxf1+ 32. Kg2 Rb1 33. Ng6+ Kh7 34. Nf8+ Kg8 35. Ng6 Rxb2+ 36. Kg3 Rxa2 37. Kh4 Ra4+ 38. Kh5 b4 39. h4 b3 40. h3 Ra5+ 41. Ne5 Rxe5+ 42. Kg6 b2 43. h5 Rg5# 0-1


[Site "https://www.chess.com"]

[Event "Titled Tuesday Blitz July 25 Late 2023"]
[White "Gyulamiryan-koryun"]
[Black "Biliy, Vadim"]
[BlackFideId "14114127"]
[WhiteElo "2078"]
[BlackElo "2277"]
[Result "0-1"]
[Round "11"]
[TimeControl "180+2"]
[Date "2023.07.25"]
[WhiteClock "0:00:00"]
[BlackClock "0:00:32"]
[Board "101"]

1. e4 d6 2. d4 Nf6 3. Nc3 g6 4. f4 Bg7 5. Nf3 O-O 6. Be2 Na6 7. a3 c5 8. e5 Nd7 9. d5 dxe5 10. d6 exd6 11. Qxd6 Re8 12. O-O e4 13. Ng5 Nf6 14. Qxd8 Rxd8 15. Ncxe4 Nxe4 16. Nxe4 Bf5 17. Bf3 Rd7 18. Be3 Bxe4 19. Bxe4 Re8 20. Rad1 Rxd1 21. Rxd1 Rxe4 22. Rd8+ Bf8 23. Kf2 Kg7 24. Rd7 Re7 25. Rd5 b6 26. c4 Nc7 27. Rd8 Ne6 28. Ra8 f5 29. a4 Kf7 30. Bd2 Bg7 31. b4 Rd7 32. Be1 Nxf4 33. bxc5 Nd3+ 34. Ke2 Nxe1 35. Kxe1 bxc5 36. Rc8 Bd4 37. a5 Re7+ 38. Kd2 g5 39. a6 f4 40. Rb8 g4 41. Rb7 f3 42. gxf3 gxf3 43. Kd3 f2 44. Rxe7+ Kxe7 45. Ke2 Kd6 46. h4 Kc6 47. h5 Kb6 48. h6 Kxa6 49. Kf1 Ka5 50. Ke2 Kb4 51. Kf1 Kxc4 52. Ke2 a5 53. Kf1 Kd3 54. Kg2 Ke2 55. Kg3 f1=Q 0-1


[Site "https://www.chess.com"]

[Event "Titled Tuesday Blitz July 25 Late 2023"]
[White "zano2023"]
[Black "Miguelitro69"]
[WhiteElo "2033"]
[BlackElo "2268"]
[Result "0-1"]
[Round "11"]
[TimeControl "180+2"]
[Date "2023.07.25"]
[WhiteClock "0:01:07"]
[BlackClock "0:01:19"]
[Board "102"]

1. d4 d5 2. Nf3 e6 3. Nbd2 Nf6 4. e3 g6 5. Bd3 Bg7 6. O-O O-O 7. Qe2 c5 8. c3 c4 9. Bc2 b5 10. e4 Nc6 11. e5 Nd7 12. a3 a5 13. Re1 Bb7 14. Nf1 b4 15. axb4 axb4 16. Rxa8 Qxa8 17. Ng3 Qa2 18. Bg5 h6 19. Be3 Qxb2 20. Rb1 Qxc3 21. Ba4 Ra8 22. Bd2 Nxd4 23. Nxd4 Qxd4 24. Be3 Qxe5 25. Bxd7 b3 26. f4 Qd6 27. Bb5 Qb4 28. Bd7 Rd8 29. f5 Rxd7 30. fxg6 fxg6 31. Qg4 Qe7 32. Qxg6 Qf7 33. Qg4 Kh7 34. Rf1 Qg6 35. Qd1 b2 36. Bd4 e5 37. Bxb2 d4 38. Nf5 Qxg2# 0-1


[Site "https://www.chess.com"]

[Event "Titled Tuesday Blitz July 25 Late 2023"]
[White "Clawitter, Craig"]
[Black "Lutz, Igor Oscar"]
[WhiteFideId "2023105"]
[BlackFideId "2110806"]
[WhiteElo "2257"]
[BlackElo "1966"]
[Result "1-0"]
[Round "11"]
[TimeControl "180+2"]
[Date "2023.07.25"]
[WhiteClock "0:01:38"]
[BlackClock "0:02:06"]
[Board "103"]

1. c4 Nf6 2. Nf3 c6 3. d4 d5 4. Nc3 e6 5. Bg5 h6 6. Bh4 Be7 7. e3 O-O 8. Be2 dxc4 9. a4 Nbd7 10. O-O Qc7 11. Nd2 e5 12. Nxc4 exd4 13. Bg3 Qd8 14. Qxd4 Bc5 15. Qd2 Nb6 16. Rfd1 Nxc4 17. Qxd8 Rxd8 18. Rxd8+ Kh7 19. Bxc4 1-0


[Site "https://www.chess.com"]

[Event "Titled Tuesday Blitz July 25 Late 2023"]
[White "Broca Jimenez, Fernando"]
[Black "Masterisback04"]
[WhiteFideId "5104742"]
[WhiteElo "2255"]
[BlackElo "1881"]
[Result "1-0"]
[Round "11"]
[TimeControl "180+2"]
[Date "2023.07.25"]
[WhiteClock "0:01:57"]
[BlackClock "0:01:28"]
[Board "104"]

1. e4 c5 2. c3 d5 3. exd5 Qxd5 4. d4 Nc6 5. Nf3 Bf5 6. Be2 cxd4 7. cxd4 Bxb1 8. Rxb1 Nf6 9. b3 e6 10. O-O Bd6 11. Bb2 O-O 12. Rc1 b5 13. Ne5 Ne7 14. Bf3 1-0


[Site "https://www.chess.com"]

[Event "Titled Tuesday Blitz July 25 Late 2023"]
[White "Dwilewicz, Katarzyna"]
[Black "Floresvillar Gonzalez, Luis Migu"]
[WhiteFideId "1148486"]
[BlackFideId "5100542"]
[WhiteElo "2362"]
[BlackElo "2103"]
[Result "1-0"]
[Round "11"]
[TimeControl "180+2"]
[Date "2023.07.25"]
[WhiteClock "0:01:48"]
[BlackClock "0:00:59"]
[Board "105"]

1. e4 e6 2. d4 d5 3. Nd2 dxe4 4. Nxe4 Nd7 5. Nf3 Ngf6 6. Nxf6+ Nxf6 7. Bd3 c5 8. O-O cxd4 9. Nxd4 Be7 10. c3 O-O 11. Qf3 e5 12. Nf5 Bxf5 13. Qxf5 Qc7 14. Re1 Rad8 15. Bg5 g6 16. Qxe5 Qxe5 17. Rxe5 Rxd3 18. Rxe7 Kg7 19. Rxb7 h6 20. Bxf6+ Kxf6 21. Re1 Re8 22. Kf1 Rxe1+ 23. Kxe1 a5 24. Rb5 a4 25. Ra5 Rd6 26. Rxa4 Rb6 27. Rb4 Ra6 28. a4 Re6+ 29. Kd2 Rd6+ 30. Rd4 Rb6 31. b4 Ra6 32. a5 Ke5 33. Rd7 f5 34. Rb7 g5 35. Rb6 Ra8 36. Rxh6 g4 37. Rb6 Kf4 38. a6 Ke4 39. b5 f4 40. Rd6 f3 41. Rd4+ Kf5 42. gxf3 gxf3 43. Ke3 Rc8 44. c4 1-0


[Site "https://www.chess.com"]

[Event "Titled Tuesday Blitz July 25 Late 2023"]
[White "Sainz Aguirre, Ignacio"]
[Black "Alahakoon, Isuru"]
[WhiteFideId "5101727"]
[BlackFideId "9900993"]
[WhiteElo "1984"]
[BlackElo "2312"]
[Result "1-0"]
[Round "11"]
[TimeControl "180+2"]
[Date "2023.07.25"]
[WhiteClock "0:01:30"]
[BlackClock "0:00:00"]
[Board "106"]

1. e4 d5 2. exd5 Qxd5 3. Nc3 Qa5 4. d4 Nf6 5. Nf3 Bg4 6. h3 Bh5 7. g4 Bg6 8. Ne5 e6 9. h4 Be4 10. Nc4 Qa6 11. Nxe4 Nxe4 12. Qf3 Nf6 13. g5 Nd5 14. Ne5 Qa5+ 15. Bd2 Bb4 16. Qxf7+ Kd8 17. c3 Be7 18. Qxe6 c6 19. Nf7+ Ke8 20. Nxh8 1-0


[Site "https://www.chess.com"]

[Event "Titled Tuesday Blitz July 25 Late 2023"]
[White "Hartikainen, Jarmo"]
[Black "Hamidi, Amir Mohammad"]
[WhiteFideId "503134"]
[BlackFideId "12563285"]
[WhiteElo "2082"]
[BlackElo "2709"]
[Result "0-1"]
[Round "11"]
[TimeControl "180+2"]
[Date "2023.07.25"]
[WhiteClock "0:00:00"]
[BlackClock "0:00:07"]
[Board "107"]

1. e4 c6 2. d4 d5 3. Nd2 dxe4 4. Nxe4 Bf5 5. Ng3 Bg6 6. h4 h6 7. Bc4 e6 8. N1e2 Nf6 9. Nf4 Bh7 10. O-O Be7 11. Nxe6 fxe6 12. Bxe6 Nbd7 13. Re1 Qc7 14. Bh3 Qd6 15. Qe2 Ng8 16. Bf4 Qxf4 17. Nh5 Qf7 18. d5 cxd5 19. Qb5 O-O-O 20. Ng3 Bxh4 21. Be6 Qg6 22. Bxd5 Qb6 23. Qc4+ Kb8 24. Qxh4 Nc5 25. c4 Nf6 26. Qf4+ Ka8 27. Rad1 Rhf8 28. Qd4 Nxd5 29. cxd5 Na4 30. b3 Qxd4 31. Rxd4 Nb6 32. d6 Rf7 33. Red1 Rfd7 34. f3 Bg8 35. Ne4 Nc8 36. Kf2 Bh7 37. Ke3 Bxe4 38. fxe4 Rxd6 39. Rxd6 Rxd6 40. Rf1 Rf6 41. Rd1 Nd6 42. e5 Re6 43. Kf4 Nf7 44. Rd7 g5+ 45. Kg3 Rxe5 46. Rxf7 a6 47. Rf6 Re2 48. Rxh6 Rxa2 49. Rg6 Ra3 50. Rb6 Rxb3+ 51. Kg4 Rxb6 0-1


[Site "https://www.chess.com"]

[Event "Titled Tuesday Blitz July 25 Late 2023"]
[White "Alexikov, Alexander"]
[Black "Carrasco Miranda, Andres"]
[WhiteFideId "14103958"]
[BlackFideId "3405990"]
[WhiteElo "2194"]
[BlackElo "2430"]
[Result "0-1"]
[Round "11"]
[TimeControl "180+2"]
[Date "2023.07.25"]
[WhiteClock "0:00:00"]
[BlackClock "0:00:02"]
[Board "108"]

1. e4 e5 2. Nf3 Nc6 3. c3 d5 4. Qa4 f6 5. Bb5 Ne7 6. exd5 Qxd5 7. d4 e4 8. c4 Qd8 9. Nfd2 Kf7 10. d5 Nd4 11. Nxe4 a6 12. Qd1 Nxb5 13. cxb5 Qxd5 14. Nbc3 Qxd1+ 15. Kxd1 Bf5 16. Bf4 axb5 17. Bxc7 b4 18. Nd6+ Kg6 19. Ne2 Nd5 20. Nxf5 Kxf5 21. Bg3 b3 22. a3 Bc5 23. Rc1 b6 24. Rc4 Rhd8 25. Kc1 Rac8 26. Kb1 g5 27. h4 h6 28. hxg5 hxg5 29. Rhc1 Rc6 30. Nd4+ Bxd4 31. Rxc6 Be5 32. Bxe5 fxe5 33. Re1 Nf4 34. g3 Nd3 35. Re2 e4 36. Rc3 Rh8 0-1


[Site "https://www.chess.com"]

[Event "Titled Tuesday Blitz July 25 Late 2023"]
[White "Sailer, Mike"]
[Black "Celestino, Rafael Teixeira"]
[WhiteFideId "2012901"]
[BlackFideId "2108925"]
[WhiteElo "2160"]
[BlackElo "2244"]
[Result "1-0"]
[Round "11"]
[TimeControl "180+2"]
[Date "2023.07.25"]
[WhiteClock "0:00:11"]
[BlackClock "0:02:02"]
[Board "109"]

1. d4 Nf6 2. Nc3 g6 3. e4 d6 4. Bg5 Bg7 5. e5 dxe5 6. dxe5 Qxd1+ 7. Rxd1 Ng4 8. h3 Nxe5 9. Nd5 f6 10. Nxc7+ Kf7 11. Bf4 Bf5 12. Bxe5 fxe5 13. Nxa8 Bxc2 14. Rc1 Be4 15. Nf3 Nd7 16. Ng5+ Kf6 17. Nxe4+ Kf5 18. Ng3+ Ke6 19. Nc7+ Kd6 20. Nb5+ Kd5 21. Nc3+ Ke6 22. Bc4+ Kd6 23. O-O Nb6 24. Bb3 Kc5 25. Rfd1 Kb4 26. Bc2 e4 27. Nd5+ Nxd5 28. Rxd5 Bxb2 29. Rb1 Kc3 30. Rb5 Kd4 31. R1xb2 Rc8 32. R2b4+ Kc3 33. Bb3 Kd2 34. Rd4+ Kc1 35. Rc4+ Rxc4 36. Bxc4 a6 37. Rxb7 e3 38. fxe3 e5 39. Rxh7 g5 40. Rg7 g4 41. Rxg4 e4 42. h4 Kd2 43. h5 Kc3 44. h6 Kd2 45. h7 Kc1 46. h8=Q a5 47. Qc3+ Kb1 48. Qb3+ Ka1 49. Qc3+ Kb1 50. Bb3 a4 51. Qc2+ Ka1 52. Qc1# 1-0


[Site "https://www.chess.com"]

[Event "Titled Tuesday Blitz July 25 Late 2023"]
[White "De Souza, Cristiano Gomes"]
[Black "Burke, Paul"]
[WhiteFideId "2151758"]
[BlackFideId "2605767"]
[WhiteElo "2195"]
[BlackElo "1922"]
[Result "1-0"]
[Round "11"]
[TimeControl "180+2"]
[Date "2023.07.25"]
[WhiteClock "0:01:15"]
[BlackClock "0:00:39"]
[Board "110"]

1. d4 a6 2. c4 d6 3. e4 g6 4. Nc3 h6 5. Nf3 Bg7 6. h3 Nd7 7. Be3 e5 8. d5 Ne7 9. b4 O-O 10. c5 f5 11. cxd6 cxd6 12. a4 f4 13. Bd2 g5 14. Qb3 Nf6 15. a5 Qe8 16. b5 Qg6 17. Qb4 Ne8 18. Bd3 h5 19. Kd1 Bd7 20. Kc1 Rc8 21. Kb2 Nf6 22. Qxd6 Rxc3 23. Bxc3 Nexd5 24. Nxe5 Qh7 25. exd5 Bf5 26. Bxf5 Qxf5 27. Qe6+ Qxe6 28. dxe6 Nd5 29. Rae1 Rc8 30. Bd4 Nb4 31. Kb3 1-0


[Site "https://www.chess.com"]

[Event "Titled Tuesday Blitz July 25 Late 2023"]
[White "OPQRC"]
[Black "Vargas, Mauricio"]
[BlackFideId "4404572"]
[WhiteElo "2596"]
[BlackElo "1888"]
[Result "1-0"]
[Round "11"]
[TimeControl "180+2"]
[Date "2023.07.25"]
[WhiteClock "0:02:09"]
[BlackClock "0:00:08"]
[Board "111"]

1. e4 d5 2. exd5 Qxd5 3. Nf3 Qa5 4. Bc4 Nf6 5. O-O Bg4 6. h3 Bf5 7. d3 e6 8. Re1 c6 9. Nc3 Bd6 10. Nd4 O-O 11. Bd2 Qc7 12. Nxf5 exf5 13. Qf3 Qd7 14. Bg5 Ne8 15. Ne2 Bc7 16. Ng3 h6 17. Be7 f4 18. Bxf8 Kxf8 19. Ne4 f5 20. Nc5 Qc8 21. Ne6+ Kg8 22. Nxc7+ Kh7 23. Nxe8 Nd7 24. Qh5 Nf6 25. Qf7 Nd7 26. Qxg7# 1-0


[Site "https://www.chess.com"]

[Event "Titled Tuesday Blitz July 25 Late 2023"]
[White "Vafin, Ayrat"]
[Black "dorpato"]
[WhiteFideId "4146530"]
[WhiteElo "2194"]
[BlackElo "2026"]
[Result "0-1"]
[Round "11"]
[TimeControl "180+2"]
[Date "2023.07.25"]
[WhiteClock "0:00:11"]
[BlackClock "0:00:13"]
[Board "113"]

1. d4 d5 2. Bf4 Nf6 3. e3 g6 4. c4 c6 5. Nc3 Bg7 6. h3 b6 7. Nf3 Bb7 8. Be2 Nbd7 9. O-O O-O 10. b4 c5 11. dxc5 bxc5 12. bxc5 Nxc5 13. Rb1 Bc6 14. Ne5 Bd7 15. Bf3 Nce4 16. Nxd7 Nxc3 17. Qd2 Nxd7 18. Rb3 Ne4 19. Qd3 Ndc5 20. Qxd5 Nd7 21. Qxe4 Nc5 22. Qxa8 Qxa8 23. Bxa8 Nxb3 24. Bd5 Nd2 25. Rd1 Bc3 26. e4 e6 27. Bxd2 Bxd2 28. Rxd2 exd5 29. exd5 Rc8 30. Rc2 Kf8 31. Kf1 Ke7 32. Ke2 Kd6 33. Kd3 Kc5 34. a3 Rb8 35. Kc3 Rb1 36. Re2 Ra1 37. Kb3 Rb1+ 38. Kc2 Ra1 39. Kb2 Rf1 40. g3 Kxc4 41. d6 Rd1 42. Rc2+ Kb5 43. Rc7 Rxd6 44. Rxf7 Rd2+ 45. Kc3 Ra2 46. Rxh7 Rxa3+ 47. Kb2 Ra6 48. Rg7 Kc5 49. Rc7+ Kd5 50. Rd7+ Ke5 51. Re7+ Kd4 52. Re3 Rb6+ 53. Ka2 a5 54. Rb3 Rc6 55. Rf3 Rb6 56. Re3 a4 57. h4 Rb5 58. Rf3 Rc5 59. Rf4+ Ke5 60. Rxa4 Rc2+ 61. Kb3 Rxf2 62. Rg4 Kf5 63. Rb4 Rf3+ 64. Ka4 Rxg3 65. Kb5 Rg4 66. Rb3 Rxh4 67. Rb1 Re4 68. Rf1+ Kg4 69. Rg1+ Kh5 70. Rh1+ Rh4 71. Rg1 g5 72. Kc6 Re4 73. Rf1 g4 74. Rf8 Kh4 75. Rh8+ Kg3 76. Rg8 Kf3 77. Kd5 Re2 78. Rf8+ Kg2 79. Rg8 g3 80. Kd4 Kf2 81. Kd3 Re7 82. Rf8+ Kg1 83. Rg8 g2 84. Rg3 Kh2 85. Rg8 g1=Q 86. Rh8+ Kg2 87. Rg8+ Kf1 88. Rf8+ Qf2 89. Rxf2+ Kxf2 90. Kd4 Kf3 91. Kd5 Kf4 92. Kd6 Re1 93. Kd5 Re2 94. Kd4 Rd2+ 95. Kc3 Rd8 96. Kc4 Ke4 97. Kc5 Rd1 98. Kc4 Rc1+ 99. Kb3 Rc8 100. Kb4 Kd5 101. Kb3 Kd4 102. Kb2 Kd3 103. Kb3 Rb8+ 104. Ka4 Kc3 105. Ka5 Kc4 106. Ka6 Kc5 107. Ka7 Rb3 108. Ka6 Rb1 109. Ka7 Kc6 110. Ka8 Kc7 111. Ka7 Ra1# 0-1